 Seeded DCSS version 0.25-a0-611-g6918904 (webtiles) character file.

Game seed: 6494227084792963015, levelgen mode: deterministic

170 Faels the Conjurer (level 5, -7/38 HPs)
             Began as a Demigod Conjurer on Mar 16, 2020.
             Mangled by Crazy Yiuf
             ... wielding a +2 quarterstaff of chaos
              (11 damage)
             ... on level 2 of the Dungeon.
             The game lasted 00:09:15 (2883 turns).

Faels the Conjurer (Demigod Conjurer)               Turns: 2883, Time: 00:09:15

Health: -7/38      AC:  5    Str: 11    XL:     5   Next: 4%
Magic:  9/12       EV: 12    Int: 21    God:
Gold:   106        SH:  0    Dex: 16    Spells: 4/10 levels left

rFire    + . .     SeeInvis .   i - +0 dagger
rCold    . . .     Gourm    .   (no shield)
rNeg     + . .     Faith    .   k - +2 robe {rF+}
rPois    .         Spirit   .   h - +0 helmet
rElec    .         Reflect  .   (no cloak)
rCorr    .         Harm     .   (no gloves)
MR       .....                  (no boots)
Stlth    ++........             (no amulet)
HPRegen  0.12/turn              f - ring of positive energy
MPRegen  0.13/turn              (no ring)

@: mighty
A: high mp 1
a: no special abilities


You were on level 2 of the Dungeon.
You were not hungry.

You visited 1 branch of the dungeon, and saw 3 of its levels.

You collected 106 gold pieces.

Inventory:

Hand Weapons
 e - a +0 club
 i - a +0 dagger (weapon)
Missiles
 b - 22 poisoned darts (quivered)
Armour
 h - a +0 helmet (worn)
 k - a +2 robe of fire resistance (worn)
Jewellery
 f - a ring of positive energy (left hand)
Scrolls
 a - a scroll of remove curse {unknown}
 d - a scroll of teleportation {unknown}
 g - a scroll of random uselessness {unknown}
 j - a scroll of immolation {unknown}
 m - a scroll of identify {unknown}
Potions
 l - 3 potions of flight {unknown}
Comestibles
 c - 4 rations
 n - a chunk of flesh


   Skills:
 - Level 1.0 Throwing
 - Level 1.7 Dodging
 - Level 1.7 Stealth
 + Level 3.0 Spellcasting
 + Level 4.5 Conjurations
 * Level 2.0 Hexes


You had 4 spell levels left.
You knew the following spells:

 Your Spells              Type           Power        Failure   Level  Hunger
a - Magic Dart            Conj           ###.         1%          1    None
b - Searing Ray           Conj           ###...       3%          2    ##.....
c - Dazzling Flash        Conj/Hex       ###...       11%         3    ###....

Your spell library contained the following spells:

 Spells                   Type           Power        Failure   Level  Hunger
 Fulminant Prism          Conj/Hex       ###.......   34%         4    ####...
 Iskenderun's Mystic Bla  Conj/Tloc      ##......     45%         4    ####...


Dungeon Overview and Level Annotations

Branches:
Dungeon (3/15)

Annotations:
D:2 Crazy Yiuf


Innate Abilities, Weirdness & Mutations

You have an increased reservoir of magic. (+10% MP)


Message History

Crazy Yiuf hits you with a +2 quarterstaff of chaos.
Crazy Yiuf freezes you. Crazy Yiuf hits you but does no damage.
Crazy Yiuf hits you with a +2 quarterstaff of chaos!
You feel very mighty all of a sudden.
Crazy Yiuf hits you with a +2 quarterstaff of chaos.
Crazy Yiuf hits you with a +2 quarterstaff of chaos!
Crazy Yiuf freezes you.
Crazy Yiuf hits you with a +2 quarterstaff of chaos!
Crazy Yiuf cries, "Peeping!"
Crazy Yiuf hits you with a +2 quarterstaff of chaos!
* * * LOW HITPOINT WARNING * * *
Crazy Yiuf burns you.
Crazy Yiuf says, "I'm not crazy!"
Crazy Yiuf hits you with a +2 quarterstaff of chaos!
* * * LOW HITPOINT WARNING * * *
Crazy Yiuf freezes you.
You turn to flesh and can move again.
Crazy Yiuf hits you with a +2 quarterstaff of chaos!
You die...

.###)....#####....#
#.......#.#
...........# #....#
#######...##
.###.###.### #....#
##.... .# #.......#
#...## ##### .#
#####.### ##.##
#### .# #...# #.##
#..## .# ##### ##.#
##..# ## #.## ##.#
##@# ##.## #g#
#...# ... ##.#.###
#...# #..#...#####
#..)# ######......
##### #..#...####.
##.#.### #. #...#
## #####


You could see Crazy Yiuf.

Vanquished Creatures
  An orc priest (D:2)
  Jessica (D:2)
  An orc wizard (D:2)
  Robin (D:2)
  2 adders (D:2)
  A worm (D:2)
  2 dart slugs
  A leopard gecko (D:1)
  2 orcs (D:2)
  4 giant cockroaches
  14 goblins
  6 hobgoblins
  A quokka (D:2)
  4 bats
  4 frilled lizards
  7 kobolds
  A rat (D:1)
53 creatures vanquished.

Notes
Turn   | Place    | Note
-------+----------+-------------------------------------------
     0 | D:1      | Faels the Demigod Conjurer began the quest for the Orb.
     0 | D:1      | Reached XP level 1. HP: 14/14 MP: 5/5
   391 | D:1      | Reached XP level 2. HP: 20/20 MP: 2/7
   442 | D:1      | Learned a level 2 spell: Searing Ray
   689 | D:1      | Reached skill level 4 in Conjurations
  1391 | D:2      | Noticed Jessica
  1444 | D:2      | Killed Jessica
  1444 | D:2      | Reached skill level 1 in Throwing
  1444 | D:2      | Reached XP level 3. HP: 23/26 MP: 2/9
  1522 | D:1      | Learned a level 3 spell: Dazzling Flash
  1538 | D:2      | Found a bloodstained altar of Trog.
  1633 | D:2      | Noticed Robin
  1677 | D:2      | Reached XP level 4. HP: 25/33 MP: 0/10
  1829 | D:2      | Killed Robin
  1829 | D:2      | Reached skill level 1 in Hexes
  2161 | D:2      | Reached XP level 5. HP: 20/38 MP: 0/12
  2463 | D:2      | Found a runed translucent door.
  2464 | D:2      | Noticed Crazy Yiuf
  2883 | D:2      | Mangled by Crazy Yiuf

Levels and vault maps discovered:
D:1:      dpeg_arrival_boxorama, layout_loops_ring, minmay_misc_feat_hallway
D:2:      layout_loops_ring, lemuel_crystal_altar, uniq_jessica, uniq_robin,
          uniq_crazy_yiuf_cottage
D:3:      layout_basic, lemuel_doored_altar, portal_sewer_entry_b

Skill      XL: |  1  2  3  4 |
---------------+-------------+-----
Spellcasting   | 2 3 |  3.0
Conjurations   | 4 |  4.5
Throwing       | 1 |  1.0
Hexes          | 2 |  2.0
Dodging        | |  1.7
Stealth        | |  1.7

Action                   |  1- 3 |  4- 6 || total
-------------------------+-------+-------++-------
Melee: Dagger            |    38 |     4 ||    42
       Club              |     1 |       ||     1
Throw: Dart              |       |     3 ||     3
 Cast: Magic Dart        |    71 |    15 ||    86
       Searing Ray       |       |     5 ||     5
  Use: Potion            |     1 |       ||     1
 Stab: Sleeping          |     1 |       ||     1
  Eat: Chunk             |     3 |     2 ||     5
       Ration            |       |     1 ||     1
Armor: Robe              |     9 |     3 ||    12
Dodge: Dodged            |    27 |    11 ||    38

Table legend:
 A = Non-vault XP
 B = Vault XP
 C = Vault XP percentage of total XP
 D = Non-vault monster count
 E = Vault monster count
 F = Vault count percentage of total count
                 A         B        C        D         E       F
            +---------+---------+-------+---------+---------+-------
      Total |     172 |      71 |  29.2 |      41 |      12 |  22.6
            +---------+---------+-------+---------+---------+-------
        D:1 |      41 |       2 |   4.7 |      23 |       1 |   4.2
        D:2 |     130 |      69 |  34.7 |      17 |      11 |  39.3
        D:3 |       1 |       0 |   0.0 |       1 |       0 |   0.0
            +---------+---------+-------+---------+---------+-------
